 Dungeon Crawl Stone Soup version 0.29.1-12-g30fa7ad0bf (webtiles) character file.

Game seed: 17242536659872560664

4678 Lutefisk the Ducker (level 10, -3/71 HPs)
             Began as an Octopode Transmuter on Dec 17, 2022.
             Was a Believer of Nemelex Xobeh.
             Killed from afar by an electric eel (12 damage)
             ... with a bolt of electricity
             ... on level 9 of the Dungeon.
             The game lasted 00:41:08 (5991 turns).

Lutefisk the Ducker (Octopode Transmuter)           Turns: 5991, Time: 00:41:09

Health: -3/71      AC: -2    Str: 10    XL:     10   Next: 44%
Magic:  10/13      EV: 26    Int: 15    God:    Nemelex Xobeh [**....]
Gold:   313        SH:  0    Dex: 22    Spells: 3/13 levels left

rFire   . . .      SeeInvis .     - Unarmed
rCold   + + .      Faith    .   (shield currently unavailable)
rNeg    . . .      Spirit   .   (helmet currently unavailable)
rPois   x          Reflect  .   (no amulet)
rElec   .          Harm     .   o - +4 ring of protection
rCorr   .          Rampage  .   p - ring of protection from cold
Will    .....                   u - ring of protection from cold
Stlth   +++.......              (no ring)
HPRegen 0.21/turn               (no ring)
MPRegen 0.13/turn               (no ring)
                                (no ring)
                                (no ring)

@: spider-form, marked, corroded, hasted (expiring), very quick
A: venomous fangs, almost no armour, (amphibious), 8 rings, tiny, (camouflage
1), (gelatinous body 1), (nimble swimmer 1), (tentacles)
a: End Transformation, Renounce Religion, Draw Escape, Draw Destruction, Draw
Summoning


You were on level 9 of the Dungeon.
You worshipped Nemelex Xobeh.
Nemelex Xobeh was pleased with you.
You were a venomous arachnid creature.
You visited 2 branches of the dungeon, and saw 12 of its levels.
You also visited: Bailey.

You collected 313 gold pieces.

Inventory:

Hand Weapons
 c - a +2 short sword of venom
 m - a +2 halberd of electrocution
 y - the +9 sling "Ekikael" (melded) {speed, rF+ rCorr Dex+7}
   (You found it on level 6 of the Dungeon)

   Attacks with this weapon are significantly faster.
   Dex:       It affects your dexterity (+7).
   rF:        It protects you from fire.
   rCorr:     It protects you from acid and corrosion.
Missiles
 g - 5 atropa-tipped darts (quivered)
 B - 13 poisoned darts
Armour
 J - a +0 buckler
Magical Staves
 n - a staff of poison
 v - a staff of earth
 C - a staff of cold
 I - a staff of fire
Jewellery
 o - a +4 ring of protection (left front leg)
 p - a ring of protection from cold (right front leg)
 u - a ring of protection from cold (on tentacle)
Wands
 w - a wand of iceblast (10)
 E - a wand of mindburst (6)
 K - a wand of flame (18)
Scrolls
 e - a scroll of magic mapping {unknown}
 i - a scroll of brand weapon {unknown}
 j - 2 scrolls of enchant armour
 l - 2 scrolls of immolation
 q - a scroll of fog
 A - a scroll of blinking {unknown}
 D - 2 scrolls of enchant weapon {unknown}
Potions
 a - a potion of lignification
 b - 5 potions of haste
 d - 6 potions of magic {unknown}
 f - a potion of curing
 h - 2 potions of might {unknown}
 k - 5 potions of brilliance {unknown}
 s - 2 potions of attraction {unknown}
 x - 5 potions of heal wounds {unknown}
 z - 2 potions of degeneration {unknown}
 F - a potion of resistance {unknown}
 G - a potion of mutation {unknown}
 H - a potion of invisibility {unknown}


   Skills:
 - Level 7.0 Fighting
 - Level 1.0 Throwing
 * Level 7.3 Dodging
 - Level 4.0 Stealth
 - Level 2.0 Shields
 - Level 7.0 Unarmed Combat
 - Level 2.0 Spellcasting
 - Level 6.0 Transmutations
 - Level 2.0 Ice Magic
 - Level 2.0 Poison Magic
 - Level 5.0 Invocations
 - Level 3.0 Evocations


You had 3 spell levels left.
You knew the following spells:

 Your Spells              Type           Power      Damage    Failure   Level
a - Beastly Appendage     Tmut           38%        N/A       8%          1
b - Wereblood             Tmut           19%        N/A       10%         2
c - Spider Form           Tmut/Pois      13%        N/A       30%         3
d - Ice Form              Ice/Tmut       13%        N/A       61%         4

Your spell library contained the following spells:

 Spells                   Type           Power      Damage    Failure   Level
 Magic Dart               Conj           4%         1d3       43%         1
 Call Imp                 Summ           1%         N/A       54%         2
 Mephitic Cloud           Conj/Pois/Air  3%         N/A       67%         3


Dungeon Overview and Level Annotations

Branches:
Dungeon (11/15)            Temple (1/1) D:6          Bailey (visited)
   Lair: D:8-11         Orc: D:9-12

Altars:
Ashenzari
Cheibriados
Elyvilon
Fedhas
Gozag
Hepliaklqana
Kikubaaqudgha
Makhleb
Nemelex Xobeh
Okawaru
Qazlal
Ru
Sif Muna
Trog
Uskayaw
Vehumet
Wu Jian
Xom
Yredelemnul
Zin
The Shining One

Shops:
D:7 (

Annotations:
D:3 1 runed translucent door, Crazy Yiuf
D:5 Grinder
D:9 1 runed translucent door, FizzleBangTC's ghost, novice MeEE
D:10 Urug


Innate Abilities, Weirdness & Mutations

You are a venomous arachnid creature.
You have poisonous fangs.
You are tiny and dextrous.
Your spellcasting is less reliable in this form.
Your armour is entirely melded.
You are incapable of wielding weapons or throwing items.
You cannot wear most types of armour.
((You are amphibious.))
You can wear up to eight rings at the same time.
((Your skin changes colour to match your surroundings (Stealth+).))
((Your rubbery body absorbs attacks. (AC +1, EV +1)))
((You are camouflaged when in or above water. (Stealth+)))
((You have tentacles for arms and can constrict up to eight enemies at once.))


Message History

Your orb of destruction hits a rock wall. x5
The goliath frog hits you! The acid corrodes you!
You are splashed with acid.
The wraith is lost in a daze.
Unknown command.
You feel better. The goliath frog barely misses you.
You draw a card...
You have drawn the Storm.
A fierce wind blows from the card.
The death yak is blown away by the wind.
The minotaur collides with the death yak!
The death yak is lightly wounded.
The minotaur is severely wounded.
The goliath frog collides with the minotaur!
The minotaur is severely wounded.
The goliath frog is moderately wounded.
The electrical discharge engulfs something!
The electrical discharge engulfs the death yak!
The death yak is almost dead.
The electrical discharge engulfs the orc!
You kill the orc!
The electrical discharge engulfs the death yak!
The death yak is heavily wounded.
The electrical discharge engulfs the wraith!
The wraith is almost destroyed.
You hear a mighty peal of thunder!
The goliath frog hits you! The acid corrodes you!
You are splashed with acid!
* * * LOW HITPOINT WARNING * * *
Unknown command.
Unknown command.
You feel better.
Your extra speed is starting to run out.
Your surroundings suddenly seem different.
Found 15 gold pieces.
The electric eel shoots out a bolt of lightning at you!
The bolt of electricity hits you!
* * * LOW HITPOINT WARNING * * *
As you read the scroll of fog, it crumbles to dust.
The scroll dissolves into smoke.
The electric eel shoots out a bolt of lightning at you!
The bolt of electricity hits you!
You die...
Your body disappears without a glow.

.. #.## ♣... ♣♣~#.#
≈yy≈~~~♣~..#######
~P≈≈≈P~~~~~.......##~P
~≈≈≈≈~~P~~~S........PP
~~~≈~~~~P~~♣§§s....~P~
............§§§...~P~~
~≈~~~~~~~~≈~§y§...P~~≈
~~≈~~~≈≈~~P~♣§§....P~~
♣~~≈~~~~y~####$~.P~
♣♣♣♣♣≈~~~~~♣... ##...
~ ♣♣~~♣♣~~~P~~♣ ###
≈~♣~..~♣~~~~~~♣
≈~~....~~♣~PP♣#


You could see a killer bee and an electric eel.

Vanquished Creatures
  Harold (D:9)
  Sigmund (D:6)
  2 yaks
  A water moccasin (D:7)
  An orc warrior (Bailey)
  An ice beast (D:7)
  A sky beast (D:6)
  An ogre (D:6)
  2 black bears
  A centaur (D:9)
  A phantom (D:5)
  2 kobold brigands (D:7)
  2 bullfrogs
  A gnoll sergeant (D:8)
  3 necrophages
  A scorpion (D:6)
  Blork the orc (D:5)
  17 wights
  A killer bee (D:9)
  3 howler monkeys (D:9)
  A crimson imp (D:3)
  5 orc priests
  6 hounds
  2 jellies
  An iguana (D:6)
  3 orc wizards
  23 gnolls
  6 adders
  2 shadow imps
  A white imp (D:5)
  An ufetubus (D:4)
  A worm (D:5)
  2 dart slugs (D:1)
  38 orcs
  6 endoplasms
  4 giant cockroaches
  12 goblins
  7 hobgoblins
  7 jackals
  15 kobolds
  2 quokkas
  6 ball pythons
  2 bats
  3 frilled lizards
  2 goblin skeletons (D:3)
  4 hobgoblin zombies (D:3)
  2 orc skeletons (D:3)
  2 orc zombies (D:3)
  7 rats
217 creatures vanquished.

Vanquished Creatures (collateral kills)
  A wraith (D:9)
1 creature vanquished.

Vanquished Creatures (others)
  2 fungi (D:3)
  16 plants
18 creatures vanquished.

Grand Total: 236 creatures vanquished

Notes
Turn   | Place    | Note
-------+----------+-------------------------------------------
     0 | D:1      | Lutefisk the Octopode Transmuter began the quest for the
                  | Orb.
     0 | D:1      | Reached XP level 1. HP: 13/13 MP: 3/3
    35 | D:1      | Reached skill level 1 in Stealth
    87 | D:1      | Reached XP level 2. HP: 19/19 MP: 3/5
   307 | D:2      | Found a faded altar of an unknown god.
   415 | D:2      | Reached XP level 3. HP: 25/25 MP: 6/6
   547 | D:1      | Learned a level 2 spell: Wereblood
   551 | D:1      | Learned a level 3 spell: Spider Form
   655 | D:1      | Reached skill level 1 in Poison Magic
   933 | D:3      | Reached XP level 4. HP: 31/31 MP: 7/7
  1029 | D:3      | Found a runed translucent door.
  1030 | D:3      | Noticed Crazy Yiuf
  1072 | D:3      | Found a glowing golden altar of the Shining One.
  1551 | D:4      | Reached XP level 5. HP: 36/36 MP: 8/8
  1638 | D:4      | Found a sacrificial altar of Ru.
  1778 | D:5      | Entered Level 5 of the Dungeon
  1778 | D:5      | Noticed Blork the orc
  1865 | D:4      | Reached XP level 6. HP: 37/42 MP: 7/9
  1881 | D:5      | Noticed Grinder
  2206 | D:5      | Reached skill level 1 in Evocations
  2478 | D:6      | Found a staircase to the Ecumenical Temple.
  2478 | D:6      | Noticed Sigmund
  2489 | D:6      | Noticed an orc warrior
  2499 | D:6      | Killed Sigmund
  2500 | D:6      | Reached XP level 7. HP: 44/48 MP: 7/10
  2594 | D:5      | Found a white marble altar of Elyvilon.
  2861 | D:6      | Reached skill level 1 in Throwing
  2885 | D:6      | Reached skill level 5 in Dodging
  2885 | D:6      | Reached XP level 8. HP: 50/54 MP: 11/11
  2931 | D:6      | Identified the +9 sling "Ekikael" {speed, rF+ rCorr Dex+7}
  3060 | D:5      | Killed Blork the orc
  3079 | D:6      | Reached skill level 5 in Fighting
  3167 | Temple   | Entered the Ecumenical Temple
  3231 | Temple   | Became a worshipper of Nemelex Xobeh the Trickster
  3598 | D:6      | Noticed a deep elf zephyrmancer
  3680 | D:7      | Reached skill level 5 in Unarmed Combat
  3680 | D:7      | Reached skill level 1 in Invocations
  3841 | D:7      | Reached XP level 9. HP: 62/62 MP: 12/12
  3908 | D:7      | Found Ameh's Antique Weapon Boutique.
  4049 | D:7      | Learned a level 4 spell: Ice Form
  4201 | D:7      | Reached * piety under Nemelex Xobeh
  4308 | D:7      | Reached skill level 1 in Ice Magic
  4468 | D:8      | Reached skill level 5 in Transmutations
  4616 | D:8      | Found a flagged portal.
  4632 | Bailey   | Entered a bailey
  4635 | Bailey   | Received a gift from Nemelex Xobeh
  5250 | D:8      | Reached XP level 10. HP: 71/71 MP: 9/13
  5510 | D:9      | You fall into a shaft and drop 2 floors!
  5516 | D:11     | Noticed a seven-headed hydra
  5551 | D:10     | Entered Level 10 of the Dungeon
  5569 | D:10     | Reached ** piety under Nemelex Xobeh
  5575 | D:10     | Noticed Urug
  5586 | D:9      | Found a runed translucent door.
  5586 | D:9      | Noticed FizzleBangTC's ghost (novice MeEE)
  5594 | D:9      | Noticed a death yak
  5600 | D:9      | Noticed a death yak
  5918 | D:9      | Received a gift from Nemelex Xobeh
  5926 | D:9      | Noticed Harold
  5945 | D:9      | Killed Harold
  5955 | D:9      | Noticed a death yak
  5960 | D:9      | Noticed a death yak
  5961 | D:9      | Noticed a death yak
  5965 | D:9      | Reached skill level 5 in Invocations
  5982 | D:9      | Noticed a goliath frog
  5982 | D:9      | a death yak changed into a goliath frog
  5982 | D:9      | Noticed a minotaur
  5982 | D:9      | a death yak changed into a minotaur
  5991 | D:9      | Killed from afar by an electric eel

Illustrated notes

Levels and vault maps discovered:
D:1:      lightli_molten_gateway, layout_basic, minmay_quantized
D:2:      layout_basic, hellmonk_ecumenical_altar_arch_garden
D:3:      layout_loops_corners, nicolae_tso_besieged_by_evil,
          ebering_ghost_reflecting_pool, uniq_crazy_yiuf_cottage
D:4:      nicolae_cairo_tiling, layout_basic, mainiacjoe_overflow_24_doors
D:5:      layout_loops_ring, mainiacjoe_overflow_brackets, item_on_display_a,
          uniq_grinder, uniq_blork_the_orc, uniq_pikel
D:6:      layout_basic, minmay_temple_entry_drinking_statues,
          guppyfry_early_elven_hall, uniq_sigmund
D:7:      layout_loops_corners, serial_shops, shop, kennysheep_generic_room_5
D:8:      layout_rooms, enter_bailey_5
D:9:      layout_roguey, mainiacjoe_overflow_surrounded_room,
          dpeg_lair_monsters, serial_bayou, serial_bayou_crossing,
          serial_bayou_lagoon_a, serial_bayou_ford_a, serial_bayou_lagoon_b,
          serial_bayou_pond_a, serial_bayou_pond_a,
          hellmonk_ghost_happy_afterlife, grunt_decor_arrowhead, uniq_harold
D:10:     minmay_the_grid_square_5x5_3x3 [minmay_the_grid_square_5x5_shrine1,
          minmay_the_grid_square_5x5_three_small,
          minmay_the_grid_square_5x5_comb, minmay_the_grid_square_5x5_c,
          minmay_the_grid_square_5x5_megaprize_crossed,
          minmay_the_grid_square_5x5_inner_z, minmay_the_grid_square_5x5_eight,
          minmay_the_grid_square_5x5_moneybag,
          minmay_the_grid_square_5x5_sharp_hourglass], layout_irregular_city,
          enter_trove_3, minmay_misc_feat_encased, uniq_urug
D:11:     layout_long_grid
Temple:   compressed_dpeg_circular_temple

Skill      XL: |  1  2  3  4  5  6  7  8  9 10 |
---------------+-------------------------------+-----
Stealth        | 1 2 4 |  4.0
Fighting       | 2 3 4 6 7 |  7.0
Poison Magic   | 1 2 |  2.0
Dodging        | 3 4 5 6 7 |  7.3
Transmutations | 3 4 6 |  6.0
Evocations     | 2 3 |  3.0
Unarmed Combat | 4 5 7 |  7.0
Throwing       | 1 |  1.0
Invocations    | 1 3 5 |  5.0
Ice Magic      | 2 |  2.0
Shields        | 2 |  2.0
Spellcasting   | |  2.0

Action                   |  1- 3 |  4- 6 |  7- 9 | 10-12 || total
-------------------------+-------+-------+-------+-------++-------
Melee: Unarmed           |    10 |     7 |   110 |    25 ||   152
       Kick              |     6 |     9 |     1 |       ||    16
       Constrict         |    17 |    33 |    13 |       ||    63
       Tentacles         |    10 |    27 |    13 |       ||    50
       Punch             |     3 |     1 |       |     1 ||     5
       Short sword       |    53 |   116 |    54 |     8 ||   231
 Fire: Sling             |       |       |   231 |    50 ||   281
Throw: Dart              |       |       |     1 |       ||     1
 Cast: Beastly Appendage |     3 |     5 |     1 |       ||     9
       Wereblood         |       |     1 |       |       ||     1
       Spider Form       |       |     1 |    12 |     7 ||    20
Invok: Draw Destruction  |       |       |       |    10 ||    10
       Draw Escape       |       |       |       |     1 ||     1
       Draw Summoning    |       |       |       |     1 ||     1
 Abil: End Transformatio |       |       |     2 |     1 ||     3
  Use: Scroll            |       |       |     6 |     6 ||    12
       Potion            |       |       |       |     5 ||     5
 Stab: Sleeping          |     8 |     5 |     4 |       ||    17
       Distracted        |       |     1 |       |       ||     1
Armor: Skin              |     4 |    19 |    24 |    12 ||    59
Dodge: Dodged            |    27 |    54 |   160 |    40 ||   281
